 Dungeon Crawl Stone Soup version 0.30-a0-989-g0d87f670db (webtiles) character file.

Game seed: 18401580651676976972

522 DeathPants the Slasher (level 7, -3/36 HPs)
             Began as a Vine Stalker Gladiator on Apr 2, 2023.
             Was an Initiate of Gozag.
             Slain by a gnoll
             ... wielding a +0 halberd
              (10 damage)
             ... on level 5 of the Dungeon.
             The game lasted 00:09:34 (3524 turns).

DeathPants the Slasher (Vine Stalker Gladiator)     Turns: 3524, Time: 00:09:35

Health: -3/36      AC:  5    Str: 17    XL:     7   Next: 22%
Magic:  0/8        EV: 13    Int:  7    God:    Gozag
Gold:   169        SH:  0    Dex: 15    Spells: 6/6 levels left

rFire   . . .      SeeInvis .    b - +2 dagger (flame)
rCold   + . .      Faith    .    (no shield)
rNeg    . . .      Spirit   +    v - +1 leather armour of the Sun {rPois Int-3 Slay+6}
rPois   +          Reflect  .    c - +0 helmet
rElec   .          Rampage  .    (no cloak)
rCorr   .                        (no gloves)
Will    .....                    (no boots)
Stlth   +                        (no amulet)
HPRegen 1.06/turn                y - ring of protection from cold
MPRegen 0.11/turn                D - ring of poison resistance

@: no status effects
A: fangs 2, regeneration 1, magic shield, antimagic bite, no potion heal 2
a: Renounce Religion, Potion Petition, Call Merchant, Bribe Branch


You were on level 5 of the Dungeon.
You worshipped Gozag.
Gozag was aware of your devotion.
You visited 2 branches of the dungeon, and saw 7 of its levels.

You collected 232 gold pieces.
You paid 63 gold pieces to Gozag.

Inventory:

Hand Weapons
 a - a +0 long sword
 b - a +2 dagger of flaming (weapon)
Missiles
 e - a javelin (quivered)
 h - 10 poisoned darts
 z - 12 boomerangs
Armour
 c - a +0 helmet (worn)
 j - a +2 leather armour of cold resistance
 v - the +1 leather armour of the Sun (worn) {rPois Int-3 Slay+6}
   (You found it on level 3 of the Dungeon)

   Int:       It affects your intelligence (-3).
   Slay:      It affects your accuracy & damage with ranged weapons and melee
   (+6).
   rPois:     It protects you from poison.
 A - a +0 buckler
Jewellery
 y - a ring of protection from cold (left hand)
 D - a ring of poison resistance (right hand)
Wands
 B - a wand of flame (21)
 E - a wand of light (10)
Scrolls
 d - a scroll of noise {unknown}
 f - a scroll of enchant weapon {unknown}
 i - 2 scrolls of teleportation
 m - a scroll of poison {unknown}
 n - a scroll of vulnerability {unknown}
 o - a scroll of fog
 q - a scroll of brand weapon {unknown}
 s - a scroll of immolation {unknown}
 t - 2 scrolls of enchant armour {unknown}
 u - 2 scrolls of fear
 x - a scroll of silence {unknown}
Potions
 g - 4 potions of brilliance
 k - a potion of haste
 l - a potion of flight
 p - a potion of mutation
 r - a potion of lignification {unknown}
 w - 2 potions of attraction {unknown}
 C - a potion of curing {unknown}


   Skills:
 + Level 3.4 Fighting
 * Level 5.0 Long Blades
 - Level 1.7 Throwing
 + Level 2.4 Armour
 + Level 3.6 Dodging


You had 6 spell levels left.
You didn't know any spells.
Your spell library contained the following spells:

 Spells                   Type           Power      Damage    Failure   Level
 Summon Forest            Summ/Tloc      0%         N/A       100%        5
 Conjure Ball Lightning   Conj/Air       0%         3x3d6     100%        6
 Eringya's Noxious Bog    Tmut/Pois      0%         N/A       100%        6
 Summon Hydra             Summ           0%         N/A       100%        7
 Discord                  Hex            0%         N/A       100%        8
 Disjunction              Tloc           0%         N/A       100%        8


Dungeon Overview and Level Annotations

Branches:
Dungeon (6/15)             Temple (1/1) D:5

Altars:
Dithmenos
Elyvilon
Fedhas
Gozag
Kikubaaqudgha
Makhleb
Nemelex Xobeh
Okawaru
Ru
Uskayaw
Vehumet
Wu Jian
Xom
Zin

Shops:
D:1 :   D:2 (   D:4 [


Innate Abilities, Weirdness & Mutations

You have extremely sharp teeth.
Your natural rate of healing is unusually fast.
When hurt, damage is shared between your health and your magic reserves.
Your bite disrupts and absorbs the magic of your enemies.
Potions cannot restore your health.


Message History

You kill the iguana!
You now have 169 gold pieces (gained 3).
Things that are here:
a +0 leather armour; a +0 club
Things that are here:
a +0 leather armour; a +0 club
There is a stone staircase leading up here.
You climb upwards.
The gnoll is distracted by your dazzling golden aura.
There is a stone staircase leading down, spattered with blood here.
You hit the gnoll. You burn the gnoll.
The gnoll is no longer distracted by gold.
You bite the gnoll! You drain its power.
The gnoll is severely wounded.
The gnoll barely misses you.
You hit the gnoll. You burn the gnoll.
You kill the gnoll!
The orc throws a boomerang.
The boomerang hits you but does no damage.
The gnoll hits you from afar with a +0 halberd.
The gnoll completely misses you.
The gnoll hits you from afar with a +0 halberd.
The gnoll hits you from afar with a +0 halberd!
The gnoll hits you with a +0 halberd! The gnoll barely misses you.
You puncture the gnoll! You burn the gnoll.
The gnoll is almost dead.
The gnoll misses you. The gnoll attacks as you move away!
The gnoll hits you with a +0 halberd! The gnoll closely misses you.
The orc throws a boomerang.
The boomerang hits you.
* * * LOW HITPOINT WARNING * * *
The gnoll hits you from afar with a +0 halberd.
* * * LOW HITPOINT WARNING * * *
The gnoll barely misses you.
There is a stone staircase leading down, spattered with blood here.
The gnoll closely misses you.
The orc throws a boomerang.
The boomerang closely misses you.
The gnoll hits you from afar with a +0 halberd!
You die...
Your body crumbles into a pile of gold.

##..#
#.........!.####...###
##
......................
..
.............)$.......
###.
....................
.#..##
......o.............
.....##
.......g...........$
......#
........gg..........
......
......#.............
.....#
##.####@......!...#.
....<# #
#.($.........# .....#
#.#####..... .###.. .(
..... .... ##. ...
###..... ## ..
>...###.. .#.. #.. $
.### #..


You could see 3 gnolls and an orc.

Vanquished Creatures
  An ogre (D:5)
  A howler monkey (D:6)
  2 hounds
  A gnoll bouda (D:6)
  An iguana (D:6)
  An orc wizard (D:4)
  9 gnolls
  9 adders
  2 ufetubi
  A worm (D:3)
  2 dart slugs
  5 orcs
  6 ball pythons
  A bat (D:1)
  5 endoplasms
  3 giant cockroaches
  4 goblins
  9 hobgoblins
  8 kobolds
  3 quokkas
  8 frilled lizards
  9 rats
91 creatures vanquished.

Notes
Turn   | Place    | Note
-------+----------+-------------------------------------------
     0 | D:1      | DeathPants the Vine Stalker Gladiator began the quest for
                  | the Orb.
     0 | D:1      | Reached XP level 1. HP: 11/11 MP: 2/2
   115 | D:1      | Reached XP level 2. HP: 2/15 MP: 1/3
   243 | D:1      | Reached skill level 3 in Long Blades
   331 | D:1      | Found Ymibam's Book Shoppe.
   676 | D:1      | Reached XP level 3. HP: 13/18 MP: 2/4
  1255 | D:2      | Found Seemeg's Weapon Emporium.
  1614 | D:2      | Reached skill level 1 in Armour
  1655 | D:2      | Gained mutation: Your natural rate of healing is unusually
                  | fast. [Vine Stalker growth]
  1655 | D:2      | Reached XP level 4. HP: 21/23 MP: 3/5
  2342 | D:3      | Identified the +1 leather armour of the Sun {rPois Int-3
                  | Slay+6}
  2686 | D:5      | Entered Level 5 of the Dungeon
  2923 | D:4      | Reached XP level 5. HP: 27/27 MP: 6/6
  3046 | D:4      | Found Umiol's Antique Armour Shoppe.
  3064 | D:4      | Reached skill level 4 in Long Blades
  3120 | D:5      | Found a staircase to the Ecumenical Temple.
  3147 | Temple   | Entered the Ecumenical Temple
  3174 | Temple   | Became a worshipper of Gozag Ym Sagoz the Greedy
  3235 | D:5      | Reached XP level 6. HP: 32/32 MP: 4/7
  3478 | D:6      | Reached XP level 7. HP: 34/36 MP: 8/8
  3493 | D:6      | Reached skill level 5 in Long Blades
  3524 | D:5      | Slain by a gnoll

Illustrated notes

Levels and vault maps discovered:
D:1:      lightli_arrival_statuegarden, layout_loops_ring, serial_shops, shop,
          minmay_crystal_room
D:2:      layout_basic, serial_shops, shop, hangedman_decor_clover_reticule,
          st_stairs_2, minmay_pentomino_w4
D:3:      layout_rooms
D:4:      minmay_recursive_quarters, layout_loops_ring, serial_shops,
          nicolae_diamond_shop, grunt_decor_fettered
D:5:      layout_cave_pools, minmay_temple_entry_sparse_star, serial_gnoll_camp,
          gnoll_camp_mini_shop, gnoll_camp_medium_02, gnoll_camp_mini_hut,
          gnoll_camp_mini_loothouse
D:6:      wad_guarded_room, layout_basic, item_on_display_a,
          uniq_crazy_yiuf_cottage, uniq_eustachio, uniq_maggie
Temple:   compressed_dpeg_triangle_lava_temple

Skill      XL: |  1  2  3  4  5  6  7 |
---------------+----------------------+-----
Fighting       | 2 3 |  3.4
Long Blades    | 3 4 5 |  5.0
Armour         | 1 2 |  2.4
Dodging        | 3 |  3.6
Throwing       | |  1.7

Action                     |  1- 3 |  4- 6 |  7- 9 || total
---------------------------+-------+-------+-------++-------
  Melee: Long sword        |   100 |    15 |       ||   115
         Bite              |    16 |    29 |     6 ||    51
         Dagger            |       |    98 |    15 ||   113
         Punch             |       |       |     1 ||     1
  Throw: Throwing net      |       |     3 |       ||     3
    Use: Scroll            |       |     8 |       ||     8
   Stab: Sleeping          |     1 |       |       ||     1
         Held in net/web   |       |     1 |       ||     1
 Armour: Leather armour    |    50 |    40 |     2 ||    92
  Dodge: Dodged            |    83 |    92 |    21 ||   196

Table legend: (Time is in decaauts)
 A = Elapsed time spent in this place.
 B = Non-inter-level travel time spent in this place.
 C = Inter-level travel time spent in this place.
 D = Time resting spent in this place.
 E = Time spent auto-exploring this place.
 F = Levels seen in this place.
 G = Mean time per level.
                   A        B        C        D        E       F      G
               +--------+--------+--------+--------+--------+-----+--------+
         Total |   3541 |   3420 |    121 |    161 |   2266 |   7 |  505.9 |
       Dungeon |   3504 |   3392 |    112 |    161 |   2251 |   6 |  584.0 |
        Temple |     37 |     28 |      9 |      0 |     15 |   1 |   37.0 |
               +--------+--------+--------+--------+--------+-----+--------+

Top non-repeatable levels by time:
     D:2: 1145 daAuts
     D:1: 990 daAuts
     D:3: 548 daAuts
     D:4: 453 daAuts
     D:5: 299 daAuts
     D:6: 67 daAuts
  Temple: 37 daAuts
